 Dungeon Crawl Stone Soup version 0.28-a0-1087-gf3fc490d9d (webtiles) character file.

Game seed: 11618395810618985112

5341 fragbeetle the Cleaver (level 10, -6/88 HPs)
             Began as a Minotaur Fighter on Dec 10, 2021.
             Was a Believer of the Shining One.
             Mangled by an orc warrior (13 damage)
             ... in a bailey.
             The game lasted 00:21:05 (9029 turns).

fragbeetle the Cleaver (Minotaur Fighter)           Turns: 9029, Time: 00:21:06

Health: -6/88      AC: 13    Str: 28    XL:     10   Next: 38%
Magic:  3/3        EV: 11    Int:  7    God:    the Shining One [**....]
Gold:   408        SH:  6    Dex: 14    Spells: 10/11 levels left

rFire   . . .      SeeInvis .   E - +7 mace of Otsurum {antimagic, rPois rCorr Dex+3 Stlth-}
rCold   . . .      Faith    .   c - +1 buckler
rNeg    + . .      Spirit   .   b - +0 scale mail
rPois   +          Reflect  .   (helmet restricted)
rElec   .          Harm     .   (no cloak)
rCorr   +          Rampage  .   O - +0 pair of gloves
Will    .....                   (no boots)
Stlth   ..........              (no amulet)
HPRegen 0.24/turn               l - +4 ring of protection
MPRegen 0.08/turn               a - +6 ring of strength

@: mighty, glowing
A: horns 2, retaliatory headbutt
a: Renounce Religion, Divine Shield


You were in a bailey.
You worshipped the Shining One.
The Shining One was pleased with you.
You visited 2 branches of the dungeon, and saw 10 of its levels.
You also visited: Bailey.

You collected 485 gold pieces.
You spent 77 gold pieces at shops.

Inventory:

Hand Weapons
 u - a +0 hand axe of flaming
 w - a +2 flail of venom
 C - a +0 vorpal mace
 E - the +7 mace of Otsurum (weapon) {antimagic, rPois rCorr Dex+3 Stlth-}
   (You found it on level 5 of the Dungeon)

   It reduces the magical energy of the wielder, and disrupts the spells and
   magical abilities of those it strikes.
   Natural abilities and divine invocations are not affected.
   Dex:       It affects your dexterity (+3).
   rPois:     It protects you from poison.
   rCorr:     It protects you from acid and corrosion.
   Stlth:     It makes you less stealthy.
Missiles
 n - 11 boomerangs (quivered)
 t - 5 javelins
Armour
 b - a +0 scale mail (worn)
 c - a +1 buckler (worn)
 L - the +1 leather armour "Jeyxkis" {-Cast Str+7 Int-4}
   (You found it on level 8 of the Dungeon)

   Str:       It affects your strength (+7).
   Int:       It affects your intelligence (-4).
   -Cast:     It prevents spellcasting.
 O - a +0 pair of gloves (worn)
Jewellery
 a - a +6 ring of strength (right hand)
 l - a +4 ring of protection (left hand)
 s - a ring of positive energy
 M - a ring of fire
 Q - a ring of positive energy
Wands
 m - a wand of flame (21)
 p - a wand of digging (4)
 D - a wand of polymorph (24)
 F - a wand of paralysis (4)
Scrolls
 e - a scroll of vulnerability {unknown}
 f - a scroll of enchant armour
 g - 4 scrolls of blinking
 o - 2 scrolls of noise
 r - a scroll of amnesia {unknown}
 x - 2 scrolls of teleportation
 y - 2 scrolls of brand weapon {unknown}
 z - a scroll of fog
 A - a scroll of torment {unknown}
 B - a scroll of enchant weapon {unknown}
 G - a scroll of silence {unknown}
 H - a scroll of fear {unknown}
 K - 2 scrolls of summoning
Potions
 d - a potion of might
 h - a potion of curing
 i - a potion of degeneration
 j - 3 potions of lignification
 k - 2 potions of heal wounds
 q - a potion of flight
 v - a potion of resistance
 I - 2 potions of magic
 J - a potion of brilliance
 P - a potion of invisibility {unknown}


   Skills:
 * Level 8.0 Fighting
 + Level 8.6(9.6) Axes
 + Level 6.5(8.6) Maces & Flails
 + Level 8.0 Armour
 + Level 3.1 Dodging
 + Level 5.6 Shields
 + Level 1.0 Spellcasting
 * Level 3.8 Translocations
 * Level 3.5 Invocations
 + Level 4.0 Evocations


You had 10 spell levels left.
You knew the following spells:

 Your Spells              Type           Power      Damage    Failure   Level
a - Apportation           Tloc           10%        N/A       17%         1

Your spell library contained the following spells:

 Spells                   Type           Power      Damage    Failure   Level
 Animate Skeleton         Necr           0%         N/A       63%         1
 Freeze                   Ice            0%         1d3       63%         1
 Magic Dart               Conj           0%         1d3       63%         1
 Slow                     Hex            0%         N/A       63%         1
 Summon Small Mammal      Summ           0%         N/A       63%         1
 Passwall                 Tmut/Erth      0%         N/A       77%         2
 Searing Ray              Conj           0%         2d4       77%         2
 Confusing Touch          Hex            0%         N/A       94%         3
 Frozen Ramparts          Ice            0%         1d2       94%         3
 Ozocubu's Armour         Ice            0%         N/A       94%         3
 Swiftness                Air            0%         N/A       94%         3
 Vampiric Draining        Necr           0%         2d6       94%         3
 Fulminant Prism          Conj/Hex       0%         3d6       100%        4
 Hailstorm                Conj/Ice       0%         3d3       100%        4
 Iskenderun's Battlesphe  Conj           0%         2d6       100%        5
 Metabolic Englaciation   Hex/Ice        0%         N/A       100%        5
 Iron Shot                Conj/Erth      0%         9d1       100%        6
 Simulacrum               Ice/Necr       0%         N/A       100%        6
 Spellforged Servitor     Conj/Summ      0%         N/A       100%        7


Dungeon Overview and Level Annotations

Branches:
Dungeon (9/15)             Temple (1/1) D:4          Bailey (1/1)
   Lair: D:8-11         Orc: D:9-12

Altars:
Ashenzari
Cheibriados
Dithmenos
Elyvilon
Fedhas
Gozag
Hepliaklqana
Kikubaaqudgha
Makhleb
Nemelex Xobeh
Okawaru
Qazlal
Ru
Sif Muna
Uskayaw
Vehumet
Wu Jian
Xom
Yredelemnul
Zin
The Shining One

Shops:
D:2 !   D:8 [


Innate Abilities, Weirdness & Mutations

You have a pair of horns on your head.
You reflexively headbutt those who attack you in melee.


Message History

Found a gate leading back out of this place.
The orc knight shouts!
The orc warrior shouts!
The orc knight roars a battlecry!
The orc warriors go into a battle-frenzy!
The orc warrior shoots a bolt.
The bolt hits you.
The orc warrior shoots a bolt.
The bolt closely misses you.
An orc warrior comes into view. It is wielding a +0 halberd.
The orc warrior shoots a bolt.
The bolt closely misses you.
The orc warrior shoots a bolt.
The bolt hits you.
The orc warrior shouts!
The orc warrior shoots a bolt.
The bolt hits you!
* * * LOW HITPOINT WARNING * * *
The orc warrior shoots a bolt.
The bolt hits you but does no damage.
The orc warrior shoots a bolt.
The bolt barely misses you.
The orc knight roars a battlecry!
The orc knight goes into a battle-frenzy!
The orc warrior shoots a bolt.
You block the bolt.
The orc warrior shoots a bolt.
The bolt hits you!
* * * LOW HITPOINT WARNING * * *
The orc warrior hits you from afar with a +0 halberd!
The Shining One protects you from harm!
You feel much better.
The orc warrior shoots a bolt.
The bolt barely misses you.
The orc warrior hits you from afar with a +0 halberd!!
* * * LOW HITPOINT WARNING * * *
The orc warrior shoots a bolt.
You block the bolt. You block the orc warrior's attack.
You bludgeon the orc warrior!!
The orc warrior is severely wounded.
The orc knight no longer looks unusually strong.
The orc no longer looks unusually strong.
The orc warrior shoots a bolt.
The bolt hits you but does no damage.
The orc warrior hits you with a +0 halberd!
* * * LOW HITPOINT WARNING * * *
The orc knight roars a battlecry!
The orc goes into a battle-frenzy!
You closely miss the orc warrior.
The orc warrior is severely wounded.
The orc warrior hits you with a +0 halberd!
You die...

### #### ##∩##
#####
....##...##.o...
≈≈≈..#.@o#..≈≈≈.
≈o≈≈...o...≈≈o≈≈
.oo≈.......≈oo.≈
≈o≈≈.......≈≈o≈≈
≈≈≈..#...#..≈≈≈.
....##.∩.##.....
#### ##∩## #####
###


You could see 3 orc knights, 6 orc warriors and an orc (strong).

Vanquished Creatures
  A two-headed ogre (D:9)
  A deep elf pyromancer (D:8)
  Psyche (D:8)
  Grinder (D:4)
  Sigmund (D:5)
  6 yaks (D:8)
  Edmund (D:4)
  3 orc warriors
  A sky beast (D:6)
  A black bear (D:7)
  An ice beast (D:6)
  2 necrophages (D:5)
  4 ogres
  A centaur (D:6)
  Blork the orc (D:6)
  A bullfrog (D:7)
  A kobold brigand (D:7)
  A scorpion (D:5)
  A water moccasin zombie (D:3)
  5 killer bees (D:9)
  4 wights
  2 howler monkeys
  A bullfrog zombie (D:5)
  A centaur zombie (D:8)
  Crazy Yiuf (D:5)
  2 centaur skeletons
  4 hounds
  Ijyb (D:5)
  5 iguanas
  A scorpion zombie (D:5)
  2 orc wizards
  A killer bee zombie (D:8)
  2 howler monkey zombies
  7 gnolls (D:4)
  9 adders
  A shadow imp (D:3)
  2 white imps
  2 ufetubi
  2 worms (D:2)
  2 dart slugs
  20 orcs
  10 endoplasms
  A giant cockroach (D:2)
  8 goblins
  9 hobgoblins
  4 jackals (D:4)
  3 quokkas
  10 ball pythons
  4 bats
  4 frilled lizards
  10 kobolds
  5 rats
175 creatures vanquished.

Vanquished Creatures (others)
  2 plants (D:6)
2 creatures vanquished.

Grand Total: 177 creatures vanquished

Notes
Turn   | Place    | Note
-------+----------+-------------------------------------------
     0 | D:1      | fragbeetle the Minotaur Fighter began the quest for the
                  | Orb.
     0 | D:1      | Reached XP level 1. HP: 19/19 MP: 0/0
   201 | D:1      | Reached XP level 2. HP: 26/27 MP: 1/1
  1105 | D:2      | Reached XP level 3. HP: 33/33 MP: 2/2
  1203 | D:2      | Found Riffeybi's Distillery.
  1206 | D:2      | Bought a potion of curing for 33 gold pieces
  1206 | D:2      | Bought a potion of degeneration for 11 gold pieces
  1206 | D:2      | Bought a potion of lignification for 33 gold pieces
  1914 | D:3      | Found a faded altar of an unknown god.
  1949 | D:3      | You fall into a shaft and drop 3 floors!
  1952 | D:6      | Noticed an ogre
  1955 | D:5      | Entered Level 5 of the Dungeon
  2067 | D:5      | Noticed a scorpion
  2076 | D:5      | Killed a scorpion
  2077 | D:5      | Reached XP level 4. HP: 34/41 MP: 3/3
  2089 | D:5      | Noticed Sigmund
  2091 | D:5      | Noticed a necrophage
  2095 | D:5      | Killed Sigmund
  2096 | D:5      | Reached XP level 5. HP: 38/47 MP: 4/4
  2096 | D:5      | Reached XP level 6. HP: 43/53 MP: 5/5
  2116 | D:4      | Noticed Grinder
  2290 | D:3      | Reached skill level 5 in Armour
  2755 | D:3      | Learned a level 1 spell: Apportation
  3221 | D:4      | Found a staircase to the Ecumenical Temple.
  3229 | Temple   | Entered the Ecumenical Temple
  3283 | Temple   | Became a worshipper of the Shining One
  3724 | D:4      | Reached XP level 7. HP: 52/60 MP: 6/6
  3736 | D:4      | Reached skill level 1 in Evocations
  4014 | D:4      | Reached skill level 5 in Fighting
  4483 | D:4      | Killed Grinder
  4484 | D:4      | Reached skill level 1 in Dodging
  4484 | D:4      | Reached skill level 1 in Translocations
  4657 | D:5      | Noticed Edmund
  4669 | D:4      | Killed Edmund
  4670 | D:4      | Reached XP level 8. HP: 25/69 MP: 7/7
  4995 | D:5      | Found a stormy altar of Qazlal.
  5248 | D:5      | Reached * piety under the Shining One
  5387 | D:5      | Found a runed translucent door.
  5388 | D:5      | Noticed Crazy Yiuf
  5398 | D:5      | Killed Crazy Yiuf
  5402 | D:5      | Identified the +7 mace of Otsurum {antimagic, rPois rCorr
                  | Dex+3 Stlth-}
  5504 | D:5      | Noticed Ijyb
  5511 | D:5      | Paralysed by Ijyb for 2 turns
  5516 | D:5      | Killed Ijyb
  5519 | D:5      | Reached skill level 1 in Maces & Flails
  5820 | D:6      | Noticed Blork the orc
  6121 | D:6      | Reached XP level 9. HP: 62/75 MP: 2/8
  6209 | D:6      | Killed Blork the orc
  6210 | D:6      | Reached skill level 1 in Spellcasting
  7094 | D:7      | Reached skill level 1 in Invocations
  7416 | D:8      | Identified the +1 leather armour "Jeyxkis" {-Cast Str+7
                  | Int-4}
  7436 | D:8      | Found Qeekag's Armour Shoppe.
  7886 | D:8      | Reached ** piety under the Shining One
  7907 | D:8      | Reached skill level 5 in Shields
  7917 | D:8      | Reached skill level 5 in Maces & Flails
  8157 | D:8      | Noticed a deep elf pyromancer
  8162 | D:8      | Killed a deep elf pyromancer
  8163 | D:8      | Reached XP level 10. HP: 86/86 MP: 3/10
  8491 | D:8      | Noticed Psyche
  8501 | D:8      | Killed Psyche
  8946 | D:9      | Noticed a two-headed ogre
  8957 | D:9      | Killed a two-headed ogre
  8976 | D:9      | Found a flagged portal.
  9015 | Bailey   | Entered a bailey
  9015 | Bailey   | Noticed an orc knight
  9015 | Bailey   | Noticed an orc knight
  9018 | Bailey   | Noticed an orc knight
  9025 | Bailey   | The Shining One protects you from harm!
  9029 | Bailey   | Mangled by an orc warrior

Illustrated notes

Levels and vault maps discovered:
D:1:      minmay_arrival_widening_spiral_wide, layout_loops_corners,
          feat_on_display
D:2:      layout_loops_cross, serial_shops, nicolae_shop_behind_doors
D:3:      layout_loops_corners, hellmonk_ecumenical_altar_zigzags
D:4:      layout_loops_ring, temple_green, uniq_grinder
D:5:      layout_basic, mainiacjoe_overflow_small_starburst, minmay_door_square,
          uniq_sigmund, uniq_crazy_yiuf_cottage, uniq_edmund, uniq_ijyb
D:6:      layout_cave_pools, serial_bayou_pond_d, uniq_blork_the_orc
D:7:      layout_gridville
D:8:      layout_gridville, serial_shops, shop, guppyfry_early_elven_hall,
          uniq_psyche
D:9:      layout_rooms, hiddenorc2_lemuel, enter_bailey_4, grunt_decor_clamped
Temple:   mainiacjoe_temple_big_plus
Bailey:   bailey_polearm_4, bailey

Skill      XL: |  1  2  3  4  5  6  7  8  9 10 |
---------------+-------------------------------+-----
Armour         | 4 5 6 7 8 |  8.0
Fighting       | 4 5 6 7 8 |  8.0
Axes           | 4 6 7 8 |  8.6
Shields        | 4 5 |  5.6
Evocations     | 2 3 4 |  4.0
Dodging        | 1 2 3 |  3.1
Translocations | 1 2 3 |  3.8
Maces & Flails | 2 5 6 |  6.5
Spellcasting   | 1 |  1.0
Invocations    | 2 3 |  3.5

Action                   |  1- 3 |  4- 6 |  7- 9 | 10-12 || total
-------------------------+-------+-------+-------+-------++-------
Melee: War axe           |    77 |    68 |    73 |       ||   218
       Headbutt          |    12 |    12 |    61 |    11 ||    96
       Mace              |       |       |   148 |    53 ||   201
       Flail             |       |       |    22 |       ||    22
 Cast: Apportation       |       |       |     1 |       ||     1
Invok: Divine Shield     |       |       |       |     1 ||     1
  Use: Potion            |     1 |       |     1 |     2 ||     4
       Scroll            |       |       |     5 |     6 ||    11
Armor: Scale mail        |    31 |    25 |    92 |    31 ||   179
Dodge: Dodged            |    26 |    20 |    93 |    40 ||   179
Block: Buckler           |    11 |     7 |    60 |    31 ||   109

Table legend: (Time is in decaauts)
 A = Elapsed time spent in this place.
 B = Non-inter-level travel time spent in this place.
 C = Inter-level travel time spent in this place.
 D = Time resting spent in this place.
 E = Time spent auto-exploring this place.
 F = Levels seen in this place.
 G = Mean time per level.
                   A        B        C        D        E       F      G
               +--------+--------+--------+--------+--------+-----+--------+
         Total |   9080 |   8880 |    200 |   1404 |   5567 |  11 |  825.5 |
       Dungeon |   8631 |   8466 |    165 |   1404 |   5185 |   9 |  959.0 |
        Temple |    435 |    400 |     35 |      0 |    382 |   1 |  435.0 |
        Bailey |     13 |     13 |      0 |      0 |      0 |   1 |   13.0 |
               +--------+--------+--------+--------+--------+-----+--------+

Top non-repeatable levels by time:
     D:8: 1455 daAuts
     D:3: 1344 daAuts
     D:4: 1341 daAuts
     D:7: 971 daAuts
     D:5: 956 daAuts
     D:1: 951 daAuts
     D:2: 783 daAuts
     D:6: 685 daAuts
  Temple: 435 daAuts
     D:9: 140 daAuts
  Bailey: 13 daAuts
